 Dungeon Crawl Stone Soup version 0.29.1-15-g9cfb28693d (webtiles) character file.

Game seed: 7984401362851157998

21 CommanderCrumbcake the Trooper (level 2, 0/27 HPs)
             Began as a Hill Orc Fighter on Feb 25, 2023.
             Succumbed to an adder's poison
             ... on level 2 of the Dungeon.
             The game lasted 00:02:30 (361 turns).

CommanderCrumbcake the Trooper (Hill Orc Fighter)    Turns: 361, Time: 00:02:30

Health: 0/27       AC:  6    Str: 18    XL:     2   Next: 87%
Magic:  2/2        EV:  9    Int:  8    God:
Gold:   34         SH:  4    Dex: 10    Spells: 1/1 levels left

rFire   . . .      SeeInvis .   a - +0 war axe
rCold   . . .      Faith    .   c - +0 buckler
rNeg    . . .      Spirit   .   b - +0 scale mail
rPois   .          Reflect  .   (no helmet)
rElec   .          Harm     .   (no cloak)
rCorr   .          Rampage  .   (no gloves)
Will    .....                   (no boots)
Stlth   ..........              (no amulet)
HPRegen 0.09/turn               (no ring)
MPRegen 0.08/turn               (no ring)

@: lethally poisoned (0 -> -7)
A: no striking features
a: no special abilities


You were on level 2 of the Dungeon.
You visited 1 branch of the dungeon, and saw 2 of its levels.

You collected 34 gold pieces.

Inventory:

Hand Weapons
 a - a +0 war axe (weapon)
Missiles
 g - 3 poisoned darts (quivered)
Armour
 b - a +0 scale mail (worn)
 c - a +0 buckler (worn)
Scrolls
 e - a scroll of enchant armour {unknown}
 f - a scroll of identify {unknown}
Potions
 d - a potion of might


   Skills:
 * Level 4.0 Fighting
 * Level 3.3 Axes
 * Level 0.1 Throwing
 * Level 3.4 Armour
 * Level 0.1 Stealth
 * Level 3.4 Shields


You had one spell level left.
You didn't know any spells.
Your spell library contained the following spells:

 Spells                   Type           Power      Damage    Failure   Level
 Sandblast                Erth           0%         2d4       87%         1
 Passwall                 Tmut/Erth      0%         N/A       95%         2
 Stone Arrow              Conj/Erth      0%         3d7       99%         3


Dungeon Overview and Level Annotations

Branches:
Dungeon (2/15)

Altars:


Message History

The adder is severely wounded.
You feel very sick. You block the adder's attack.
You barely miss the adder.
The adder is severely wounded.
You feel sick. The adder closely misses you. x2
You miss the adder.
The adder is severely wounded.
You feel sick. The adder bites you.
You are more poisoned.
The adder poisons you! The adder bites you but does no damage.
You slash the adder!
You kill the adder!
You feel very sick.
You feel sick.
You feel sick.
You feel sick.
You feel sick.
Found a trident.
You feel sick.
You are no longer poisoned.
Found a book of Sloth.
Found 9 gold pieces.
An adder comes into view.
The adder hisses angrily.
Found 8 gold pieces.
The adder bites you.
* * * LOW HITPOINT WARNING * * *
You are poisoned.
The adder poisons you!
Okay, then.
Unknown command.
You miss the adder.
* * * LOW HITPOINT WARNING * * *
You feel sick. The adder bites you.
* * * LOW HITPOINT WARNING * * *
You are more poisoned.
The adder poisons you! The adder barely misses you.
You slash the adder!
The adder is severely wounded.
You die...

............. # ...
##########..###.. ....
#########...... ....
.............## .....
.....#####.#..#####.....
........................
.....#####.##.#.........
###### #..............
####...@...$...
#...S.......
#.:...).....
#...........
#...........
##.......... ##$....#...
##########


You could see an adder.

Vanquished Creatures
  An adder (D:2)
  A ball python (D:1)
  2 endoplasms (D:1)
  2 goblins
  2 kobolds
  4 rats
12 creatures vanquished.

Notes
Turn   | Place    | Note
-------+----------+-------------------------------------------
     0 | D:1      | CommanderCrumbcake the Hill Orc Fighter began the quest for
                  | the Orb.
     0 | D:1      | Reached XP level 1. HP: 19/19 MP: 1/1
    92 | D:1      | Reached XP level 2. HP: 26/27 MP: 2/2
   148 | D:2      | Reached skill level 4 in Fighting
   361 | D:2      | Succumbed to an adder's poison

Illustrated notes

Levels and vault maps discovered:
D:1:      ldierk_walled_garden_2, layout_basic,
          shapermc_ecumenical_altar_hornbeckon, chequers_arboretum,
          minmay_misc_feat_ornament, minmay_misc_feat_secret_circle,
          minmay_pentomino_r4
D:2:      layout_rooms

Skill      XL: |  1  2 |
---------------+-------+-----
Axes           | 3 |  3.3
Fighting       | 4 |  4.0
Throwing       | |  0.1
Armour         | |  3.4
Stealth        | |  0.1
Shields        | |  3.4

Action                   || total
-------------------------++-------
Melee: War axe           ||    32
Armor: Scale mail        ||    14
Dodge: Dodged            ||    19
Block: Buckler           ||     6
